APL (24 & UNDER)
MONTGOMERY GREY SOX @ NASHUA REDLEGS
09/19/2030
 
TOP OF THE 1ST
Montgomery Grey Sox batting - Pitching for Nashua Redlegs : LHP José Rodríguez
Pitching: LHP José Rodríguez
Batting: RHB Bobby Burks 0-0: Called Strike
0-1: Foul Ball, location: 2F
0-2: DOUBLE (Line Drive, 78D)
Batting: RHB Randall James 0-0: Ball
Passed Ball!
Bobby Burks to third
1-0: Called Strike
1-1: DOUBLE (Line Drive, 7LS)
Bobby Burks scores
Batting: RHB Pedro Castro 0-0: Called Strike
0-1: SINGLE (Groundball, 3D)
Randall James to third
Runner from 3rd tries for Home, SAFE, no throw
Batting: RHB Vincente Martínez 0-0: Called Strike
0-1: Foul Ball, location: 2F
0-2: DOUBLE (Line Drive, 7LM)
Pedro Castro to third
Runner from 3rd tries for Home, SAFE, no throw
Batting: RHB Julius Farmer 0-0: Ball
1-0: Foul Ball, location: 2F
1-1: Called Strike
1-2: Ball
2-2: Ground out 6-3 (Groundball, 6)
Batting: LHB Jorge Garza 0-0: Ball
1-0: Ball
2-0: Ground out 6-3 (Groundball, 6)
Batting: LHB Pedro Farías 0-0: Ball
1-0: Foul Ball, location: 2F
1-1: Foul Ball, location: 2F
1-2: Ground out 3-1 (Groundball, 34S)
Top of the 1st over - 3 runs, 4 hits, 0 errors, 1 left on base; Montgomery 3 - Nashua 0
BOTTOM OF THE 1ST
Nashua Redlegs batting - Pitching for Montgomery Grey Sox : RHP Joe Jackson
Pitching: RHP Joe Jackson
Batting: RHB José Luján 0-0: Ball
1-0: Ball
2-0: Bunt missed!
2-1: Ball
3-1: Called Strike
3-2: Fly out, F9 (Flyball, 89S)
Batting: RHB Ánibal Barrios 0-0: Swinging Strike
0-1: Called Strike
0-2: Ball
1-2: Reached on error, E6 (Flyball, 6MD)
Batting: RHB Joe Noble 0-0: Foul Ball, location: 2F
0-1: Ball
1-1: Ball
Ánibal Barrios steals 2nd base
2-1: Foul Ball, location: 2F
2-2: Foul Ball, location: 2F
2-2: Strikes out swinging
Batting: RHB Katsuhito Ohayashi 0-0: Ball
1-0: Fly out, F3 (Popup, 3S)
Bottom of the 1st over - 0 runs, 0 hits, 1 error, 1 left on base; Montgomery 3 - Nashua 0
TOP OF THE 2ND
Montgomery Grey Sox batting - Pitching for Nashua Redlegs : LHP José Rodríguez
Batting: RHB Norman Hopkins 0-0: DOUBLE (Flyball, 89D)
Batting: RHB Russell Maldonado 0-0: Ground out 5-3 (Groundball, 56S)
Norman Hopkins to third
Batting: RHB Bobby Burks 0-0: Ball
1-0: Called Strike
1-1: Ball
Steal of home, Norman Hopkins is out
2-1: Ball
3-1: Base on Balls
Batting: RHB Randall James 0-0: Ball
Bobby Burks is caught stealing 2nd base
Top of the 2nd over - 0 runs, 1 hit, 0 errors, 0 left on base; Montgomery 3 - Nashua 0
BOTTOM OF THE 2ND
Nashua Redlegs batting - Pitching for Montgomery Grey Sox : RHP Joe Jackson
Batting: RHB Bob Fitzgerald 0-0: Called Strike
0-1: Ball
1-1: Foul Ball, location: 2F
1-2: Foul Ball, location: 2F
1-2: Strikes out swinging
Batting: RHB Currito Campos 0-0: Ball
1-0: DOUBLE (Groundball, 5L)
Batting: LHB Alonso Carbajal 0-0: Ball
Currito Campos is caught stealing 3rd base
1-0: Ball
2-0: Ball
3-0: Called Strike
3-1: SINGLE (Line Drive, 6M)
Batting: RHB Clancy Castro 0-0: Ball
1-0: Fly out, F6 (Popup, 15)
Bottom of the 2nd over - 0 runs, 2 hits, 0 errors, 1 left on base; Montgomery 3 - Nashua 0
TOP OF THE 3RD
Montgomery Grey Sox batting - Pitching for Nashua Redlegs : LHP José Rodríguez
Batting: RHB Randall James 0-0: Swinging Strike
0-1: Ball
1-1: Swinging Strike
1-2: Foul Ball, location: 2F
1-2: Ground out U3 (Groundball, 34)
Batting: RHB Pedro Castro 0-0: Ball
1-0: Called Strike
1-1: Ball
2-1: Ball
3-1: DOUBLE (Line Drive, 78XD)
Batting: RHB Vincente Martínez 0-0: Ball
1-0: Called Strike
1-1: Foul Ball, location: 2F
1-2: Ball
2-2: Strikes out swinging
Batting: RHB Julius Farmer 0-0: Ball
1-0: Foul Ball, location: 2F
1-1: SINGLE (Line Drive, 89S)
Pedro Castro to third
Runner from 3rd tries for Home, SAFE, throw made home
Julius Farmer to second
Batting: LHB Jorge Garza 0-0: Ball
1-0: Called Strike
1-1: Foul Ball, location: 2F
1-2: Strikes out looking
Top of the 3rd over - 1 run, 2 hits, 0 errors, 1 left on base; Montgomery 4 - Nashua 0
BOTTOM OF THE 3RD
Nashua Redlegs batting - Pitching for Montgomery Grey Sox : RHP Joe Jackson
Batting: RHB Carlos Villagrama 0-0: Called Strike
0-1: Called Strike
0-2: Ball
1-2: Strikes out looking
Batting: RHB José Luján 0-0: Ball
1-0: Called Strike
1-1: Foul Ball, location: 2F
1-2: Ball
2-2: Strikes out looking
Batting: RHB Ánibal Barrios 0-0: Ball
1-0: Ball
2-0: Ball
3-0: Base on Balls
Batting: RHB Joe Noble 0-0: Ball
Ánibal Barrios steals 2nd base
1-0: Reached on error, E3 (Groundball, 34)
Ánibal Barrios to third
Batting: RHB Katsuhito Ohayashi 0-0: Ball
1-0: Called Strike
1-1: Foul Ball, location: 2F
1-2: Foul Ball, location: 2F
1-2: Ball
2-2: Fly out, F2 (Popup, 2LF)
Bottom of the 3rd over - 0 runs, 0 hits, 1 error, 2 left on base; Montgomery 4 - Nashua 0
TOP OF THE 4TH
Montgomery Grey Sox batting - Pitching for Nashua Redlegs : LHP José Rodríguez
Batting: LHB Pedro Farías 0-0: Called Strike
0-1: SINGLE (Groundball, 6MD)
Batting: RHB Norman Hopkins Pickoff Throw to First - Out!
0-0: DOUBLE (Flyball, 89D)
Batting: RHB Russell Maldonado 0-0: Ball
1-0: Ball
2-0: Foul Ball, location: 2F
2-1: Foul Ball, location: 2F
2-2: Ball
3-2: Strikes out swinging
Batting: RHB Bobby Burks 0-0: Foul Ball, location: 2F
0-1: Called Strike
0-2: Ball
1-2: 2-RUN HOME RUN (Line Drive, 8RXD), Distance : 428 ft
Batting: RHB Randall James 0-0: Ball
1-0: Ball
2-0: Foul Ball, location: 2F
2-1: Ball
3-1: Base on Balls
Batting: RHB Pedro Castro 0-0: Ball
1-0: Foul Ball, location: 2F
1-1: Ball
2-1: Called Strike
2-2: Fly out, F9 (Flyball, 89M)
Top of the 4th over - 2 runs, 3 hits, 0 errors, 1 left on base; Montgomery 6 - Nashua 0
BOTTOM OF THE 4TH
Nashua Redlegs batting - Pitching for Montgomery Grey Sox : RHP Joe Jackson
Batting: RHB Bob Fitzgerald 0-0: Fly out, F9 (Line Drive, 9S)
Batting: RHB Currito Campos 0-0: Ball
1-0: Called Strike
1-1: SINGLE (Line Drive, 3)
Batting: LHB Alonso Carbajal 0-0: Ground out U3 (Groundball, 34)
Currito Campos to second
Batting: RHB Clancy Castro 0-0: Foul Ball, location: 2F
0-1: Ball
1-1: Foul Ball, location: 2F
1-2: Ball
2-2: Foul Ball, location: 2F
2-2: Strikes out swinging
Bottom of the 4th over - 0 runs, 1 hit, 0 errors, 1 left on base; Montgomery 6 - Nashua 0
TOP OF THE 5TH
Montgomery Grey Sox batting - Pitching for Nashua Redlegs : LHP José Rodríguez
Batting: RHB Vincente Martínez 0-0: Foul Ball, location: 2F
0-1: Foul Ball, location: 2F
0-2: Ball
1-2: Strikes out swinging
Batting: RHB Julius Farmer 0-0: Foul Ball, location: 2F
0-1: Ball
1-1: Ball
2-1: SINGLE (Groundball, 4MD)
Batting: LHB Jorge Garza 0-0: Ball
Julius Farmer steals 2nd base
1-0: Fly out, F8 (Flyball, 8LM)
Batting: LHB Pedro Farías 0-0: Called Strike
0-1: Ground out 1-3 (Groundball, P)
Top of the 5th over - 0 runs, 1 hit, 0 errors, 1 left on base; Montgomery 6 - Nashua 0
BOTTOM OF THE 5TH
Nashua Redlegs batting - Pitching for Montgomery Grey Sox : RHP Joe Jackson
Batting: RHB Carlos Villagrama 0-0: Fly out, F9 (Flyball, 89D)
Batting: RHB José Luján 0-0: Ball
1-0: Swinging Strike
1-1: Called Strike
1-2: SOLO HOME RUN (Flyball, 7D), Distance : 368 ft
Batting: RHB Ánibal Barrios 0-0: Called Strike
0-1: Called Strike
0-2: Foul Ball, location: 2F
0-2: Ball
1-2: Strikes out swinging
Batting: RHB Joe Noble 0-0: Called Strike
0-1: Ball
1-1: Foul Ball, location: 2F
1-2: Ball
2-2: Fly out, F4 (Popup, 34)
Bottom of the 5th over - 1 run, 1 hit, 0 errors, 0 left on base; Montgomery 6 - Nashua 1
TOP OF THE 6TH
Montgomery Grey Sox batting - Pitching for Nashua Redlegs : LHP José Rodríguez
Pitching: LHP Shannon Thomas
Batting: RHB Norman Hopkins 0-0: Ball
1-0: Foul Ball, location: 2F
1-1: Ball
2-1: Foul Ball, location: 2F
2-2: Strikes out swinging
Batting: RHB Russell Maldonado 0-0: Hit by Pitch
Batting: RHB Bobby Burks 0-0: Ball
1-0: Ball
2-0: Ball
3-0: Base on Balls
Russell Maldonado to second
Batting: RHB Randall James 0-0: Foul Ball, location: 2F
0-1: Ball
1-1: Ball
2-1: Swinging Strike
2-2: Strikes out swinging
Batting: RHB Pedro Castro 0-0: Ball
1-0: Fly out, F8 (Flyball, 8LD)
Top of the 6th over - 0 runs, 0 hits, 0 errors, 2 left on base; Montgomery 6 - Nashua 1
BOTTOM OF THE 6TH
Nashua Redlegs batting - Pitching for Montgomery Grey Sox : RHP Joe Jackson
Batting: RHB Katsuhito Ohayashi 0-0: DOUBLE (Flyball, 78XD)
Batting: RHB Bob Fitzgerald 0-0: Ball
1-0: SINGLE (Groundball, 56D)
Katsuhito Ohayashi to third
Batting: RHB Currito Campos 0-0: Ball
1-0: Fly out, F5 (Line Drive, 5)
Batting: LHB Alonso Carbajal 0-0: Called Strike
0-1: Foul Ball, location: 2F
0-2: Ball
1-2: Strikes out looking
Batting: RHB Clancy Castro 0-0: Ball
1-0: Ball
2-0: Called Strike
2-1: Fielders Choice at 2nd, 6-4 (Groundball, 6)
Bottom of the 6th over - 0 runs, 2 hits, 0 errors, 2 left on base; Montgomery 6 - Nashua 1
TOP OF THE 7TH
Montgomery Grey Sox batting - Pitching for Nashua Redlegs : LHP Shannon Thomas
Batting: RHB Vincente Martínez 0-0: Ball
1-0: Foul Ball, location: 2F
1-1: Ball
2-1: Ball
3-1: SOLO HOME RUN (Flyball, 7LD), Distance : 337 ft
Batting: RHB Julius Farmer 0-0: Ball
1-0: Swinging Strike
1-1: Ball
2-1: Foul Ball, location: 2F
2-2: Ground out 4-3 (Groundball, 4S)
Batting: LHB Jorge Garza 0-0: Ball
1-0: Swinging Strike
1-1: Foul Ball, location: 2F
1-2: Ball
2-2: Strikes out swinging, 2-3 out at first.
Batting: LHB Pedro Farías 0-0: Called Strike
0-1: Called Strike
0-2: Foul Ball, location: 2F
0-2: Ball
1-2: Strikes out swinging
Top of the 7th over - 1 run, 1 hit, 0 errors, 0 left on base; Montgomery 7 - Nashua 1
BOTTOM OF THE 7TH
Nashua Redlegs batting - Pitching for Montgomery Grey Sox : RHP Joe Jackson
Batting: RHB Carlos Villagrama 0-0: Ball
1-0: Ball
2-0: Called Strike
2-1: Fly out, F9 (Flyball, 9LS)
Batting: RHB José Luján 0-0: SINGLE (Flyball, 8LS)
Batting: RHB Ánibal Barrios 0-0: Ball
1-0: Called Strike
1-1: Fly out, F7 (Line Drive, 78M)
Batting: RHB Joe Noble 0-0: Called Strike
José Luján steals 2nd base
0-1: Ball
1-1: Foul Ball, location: 2F
1-2: Reached on error, E3 (Groundball, 34S)
José Luján to third
Pitching: RHP Santiago Álvarez
Batting: RHB Katsuhito Ohayashi 0-0: Ball
1-0: Foul Ball, location: 2F
1-1: Foul Ball, location: 2F
1-2: SINGLE (Groundball, 56) (infield hit)
José Luján scores
Joe Noble to second
Batting: RHB Bob Fitzgerald 0-0: Ball
1-0: Called Strike
1-1: Swinging Strike
1-2: Ball
2-2: Foul Ball, location: 2F
2-2: Foul Ball, location: 2F
2-2: Strikes out swinging
Bottom of the 7th over - 1 run, 2 hits, 1 error, 2 left on base; Montgomery 7 - Nashua 2
TOP OF THE 8TH
Montgomery Grey Sox batting - Pitching for Nashua Redlegs : LHP Shannon Thomas
Batting: RHB Norman Hopkins 0-0: Foul Ball, location: 2F
0-1: Called Strike
0-2: Ball
1-2: Ball
2-2: Strikes out swinging
Batting: RHB Russell Maldonado 0-0: Ball
1-0: Called Strike
1-1: Foul Ball, location: 2F
1-2: Ball
2-2: Ball
3-2: Foul Ball, location: 2F
3-2: Strikes out swinging
Batting: RHB Bobby Burks 0-0: Called Strike
0-1: Swinging Strike
0-2: Ball
1-2: Ground out 5-3 (Groundball, 5)
Top of the 8th over - 0 runs, 0 hits, 0 errors, 0 left on base; Montgomery 7 - Nashua 2
BOTTOM OF THE 8TH
Nashua Redlegs batting - Pitching for Montgomery Grey Sox : RHP Santiago Álvarez
Batting: RHB Currito Campos 0-0: Called Strike
0-1: Ground out 5-3 (Groundball, 56S)
Batting: LHB Alonso Carbajal 0-0: Ground out 6-3 (Groundball, 6S)
Batting: RHB Clancy Castro 0-0: Swinging Strike
0-1: Fly out, F7 (Flyball, 78M)
Bottom of the 8th over - 0 runs, 0 hits, 0 errors, 0 left on base; Montgomery 7 - Nashua 2
TOP OF THE 9TH
Montgomery Grey Sox batting - Pitching for Nashua Redlegs : LHP Shannon Thomas
Batting: RHB Randall James 0-0: Called Strike
0-1: SINGLE (Groundball, 25) (infield hit)
Batting: RHB Pedro Castro 0-0: Ball
1-0: Ball
2-0: Called Strike
2-1: Grounds into double play, 6-4-3 (Groundball, 6)
Batting: RHB Vincente Martínez 0-0: SINGLE (Groundball, 56D)
Batting: RHB Julius Farmer 0-0: Ball
1-0: Fly out, F7 (Line Drive, 7)
Top of the 9th over - 0 runs, 2 hits, 0 errors, 1 left on base; Montgomery 7 - Nashua 2
BOTTOM OF THE 9TH
Nashua Redlegs batting - Pitching for Montgomery Grey Sox : RHP Santiago Álvarez
Batting: RHB Carlos Villagrama 0-0: Ball
1-0: SINGLE (Flyball, 78S)
Batting: RHB José Luján 0-0: Ball
1-0: Ground out 5-3 (Groundball, 2L)
Carlos Villagrama to second
Batting: RHB Ánibal Barrios 0-0: Ball
1-0: Called Strike
1-1: Swinging Strike
1-2: Ball
2-2: Ball
3-2: SINGLE (Groundball, 6MD)
Carlos Villagrama to third
Batting: RHB Joe Noble 0-0: Called Strike
0-1: Ball
1-1: Ball
2-1: Swinging Strike
2-2: Foul Ball, location: 2F
2-2: Grounds into double play, 4-6-3 (Groundball, 4M)
Bottom of the 9th over - 0 runs, 2 hits, 0 errors, 1 left on base; Montgomery 7 - Nashua 2
Saturday, April 7th, 2018 - OOTP Baseball 18.8 Build 76